 Dungeon Crawl Stone Soup version 0.26-a0-708-g17f3b190f9 (console) character file.

Game seed: 11423841899320360929

120 om the Chiller (level 5, -6/38 HPs)
             Began as a Ghoul Ice Elementalist on Oct 29, 2020.
             Killed by divine providence
             ... invoked by an orc priest
              (15 damage)
             ... on level 3 of the Dungeon.
             The game lasted 00:05:36 (2815 turns).

om the Chiller (Ghoul Ice Elementalist)             Turns: 2815, Time: 00:05:36

Health: -6/38      AC:  3    Str: 18    XL:     5   Next: 4%
Magic:  2/7        EV: 12    Int: 10    God:
Gold:   117        SH:  0    Dex: 10    Spells: 2/8 levels left

rFire    . . .     SeeInvis .   h - +0 dagger (venom)
rCold    + . .     Faith    .   (no shield)
rNeg     + + +     Spirit   .   r - +0 leather armour
rPois    ∞         Reflect  .   (no helmet)
rElec    .         Harm     .   (no cloak)
rCorr    .         Rampage  .   (no gloves)
MR       .....                  (no boots)
Stlth    ++........             (no amulet)
HPRegen  0.00/turn              (no ring)
MPRegen  0.10/turn              o - +6 ring of strength

@: very slightly contaminated
A: rotting body, claws 1, cold resistance 1, negative energy resistance 3,
inhibited regeneration, torment resistance, unbreathing
a: no special abilities


You were on level 3 of the Dungeon.
You visited 1 branch of the dungeon, and saw 3 of its levels.

You collected 117 gold pieces.

Inventory:

Hand Weapons
 h - a +0 dagger of venom (weapon)
Armour
 r - a +0 leather armour (worn)
Jewellery
 o - a +6 ring of strength (right claw)
Scrolls
 b - 2 scrolls of enchant armour {unknown}
 d - a scroll of fog {unknown}
 f - a scroll of immolation {unknown}
 i - a scroll of teleportation {unknown}
 j - a scroll of enchant weapon {unknown}
 m - 3 scrolls of identify {unknown}
 n - a scroll of fear {unknown}
Potions
 c - 2 potions of flight {unknown}
 e - a potion of might {unknown}
 g - a potion of berserk rage {unknown}
 k - a potion of cancellation {unknown}
 l - a potion of heal wounds {unknown}
 p - a potion of stabbing {unknown}
 q - a potion of curing {unknown}


   Skills:
 + Level 2.5 Dodging
 + Level 3.3 Stealth
 + Level 2.4 Spellcasting
 + Level 0.0 Hexes
 * Level 5.4 Ice Magic


You had 2 spell levels left.
You knew the following spells:

 Your Spells              Type           Power        Failure   Level
a - Freeze                Ice            ##..         3%          1
b - Frozen Ramparts       Ice            ##....       12%         3
c - Ensorcelled Hibernat  Hex/Ice        #.....       19%         2

Your spell library contained the following spells:

 Spells                   Type           Power        Failure   Level
 Corona                   Hex            #......      34%         1
 Ozocubu's Armour         Ice            ##......     12%         3
 Confusing Touch          Hex            #.......     71%         3
 Dazzling Flash           Conj/Hex       #.....       71%         3
 Tukima's Dance           Hex            #.......     71%         3
 Hailstorm                Conj/Ice       #.......     75%         4
 Summon Ice Beast         Ice/Summ       #.......     75%         4


Dungeon Overview and Level Annotations

Branches:
Dungeon (3/15)

Altars:
Fedhas
Makhleb
Xom

Annotations:
D:2 exclusion: oklob plant


Innate Abilities, Weirdness & Mutations

Your body is rotting away.
You thrive by killing the living.
You are immune to poison.
You have sharp fingernails.
Your flesh is cold resistant. (rC+)
You are immune to negative energy. (rN+++)
You do not regenerate when monsters are visible.
You are immune to unholy pain and torment.
You can survive without breathing.


Message History

Confirm with . or Enter, or press ? or * to list all spells.
You miscast Frozen Ramparts.
Nothing appears to happen.
The orc priest looks encouraged for a moment.
Casting: Frozen Ramparts (dangerous; 12% risk of failure)
Confirm with . or Enter, or press ? or * to list all spells.
You don't have enough magic to cast that spell.
The orc priest casts a cantrip, but nothing happens.
A bat comes into view.
The bat moves out of view.
You see here a club.
The bat hits you but does no damage.
The orc priest calls down the wrath of Beogh upon you.
Beogh smites you!
* * * LOW HITPOINT WARNING * * *
You hit the bat.
The bat is moderately wounded.
The bat hits you but does no damage.
The orc priest calls down the wrath of Beogh upon you.
Beogh smites you!
You die...

#..........##....
#..........##....
#.........#######
#.........# ...
#.........#.⌠.⌠
#.........#....
+..............
##.........#.... #
###..........#.⌠.⌠
#8###8#.###......#
... .......@#
#......# ## .....b..#
#......#
........###.†....#
...##8##o........####
##.. ##
+)............. #⌠.
#o.......###... #..
####oo......# ..
#...##8#......[..# #
#...o.o..#########
#8........#
##........#


You could see 2 orc priests, 2 orcs and a bat.

Vanquished Creatures
  Jessica (D:2)
  An orc wizard (D:2)
  An adder (D:3)
  2 worms
  2 dart slugs
  A leopard gecko (D:2)
  2 orcs (D:2)
  5 giant cockroaches
  4 goblins
  4 hobgoblins
  3 jackals (D:2)
  2 quokkas
  2 bats (D:1)
  2 frilled lizards (D:2)
  4 kobolds
  13 rats
49 creatures vanquished.

Vanquished Creatures (others)
  A fungus (D:2)
1 creature vanquished.

Grand Total: 50 creatures vanquished

Notes
Turn   | Place    | Note
-------+----------+-------------------------------------------
     0 | D:1      | om the Ghoul Ice Elementalist began the quest for the Orb.
     0 | D:1      | Reached XP level 1. HP: 14/14 MP: 2/2
   337 | D:1      | Reached XP level 2. HP: 20/20 MP: 3/3
  1177 | D:2      | Reached XP level 3. HP: 26/26 MP: 5/5
  1182 | D:2      | Learned a level 3 spell: Frozen Ramparts
  1305 | D:2      | Reached skill level 5 in Ice Magic
  1315 | D:2      | Reached XP level 4. HP: 23/33 MP: 3/6
  1511 | D:2      | Noticed Jessica
  1526 | D:2      | Killed Jessica
  1724 | D:2      | Found a burning altar of Makhleb.
  2240 | D:2      | Found a blossoming altar of Fedhas.
  2250 | D:2      | Noticed an oklob plant
  2408 | D:3      | Found a shimmering altar of Xom.
  2620 | D:3      | Reached XP level 5. HP: 24/38 MP: 4/7
  2736 | D:3      | Learned a level 2 spell: Ensorcelled Hibernation
  2815 | D:3      | Killed from afar by an orc priest

Illustrated notes

Levels and vault maps discovered:
D:1:      saegor_arrival_simple_a, layout_basic,
          hangedman_abyss_or_decor_lesser_grid
D:2:      layout_loops_ring, tgw_fedhas, marbit_many_paths, uniq_jessica
D:3:      layout_basic, grunt_ministairs_3, corexii_hall_statues_u,
          xom_teletrap_fun

Skill      XL: |  1  2  3  4 |
---------------+-------------+-----
Dodging        | 2 |  2.5
Spellcasting   | 2 |  2.4
Ice Magic      | 5 |  5.4
Stealth        | 3 |  3.3

Action                   |  1- 3 |  4- 6 || total
-------------------------+-------+-------++-------
Melee: Unarmed           |    46 |       ||    46
       Dagger            |    28 |    58 ||    86
 Cast: Freeze            |    12 |     6 ||    18
 Stab: Sleeping          |     4 |     7 ||    11
Armor: Robe              |    18 |     3 ||    21
       Leather armour    |       |     2 ||     2
Dodge: Dodged            |    39 |    21 ||    60

Table legend: (Time is in decaauts)
 A = Elapsed time spent in this place.
 B = Non-inter-level travel time spent in this place.
 C = Inter-level travel time spent in this place.
 D = Time resting spent in this place.
 E = Time spent auto-exploring this place.
 F = Levels seen in this place.
 G = Mean time per level.
                   A        B        C        D        E       F      G
               +--------+--------+--------+--------+--------+-----+--------+
         Total |   2817 |   2760 |     57 |    760 |   1508 |   3 |  939.0 |
       Dungeon |   2817 |   2760 |     57 |    760 |   1508 |   3 |  939.0 |
               +--------+--------+--------+--------+--------+-----+--------+

Top non-repeatable levels by time:
     D:2: 1474 daAuts
     D:1: 919 daAuts
     D:3: 423 daAuts
